[Event "X Belyaev Memorial"]
[Site "Naberezhnye Chelny"]
[Date "2008.06.11"]
[Round "1"]
[White "Andreev, Eduard"]
[Black "Salov, Sergej"]
[Result "1-0"]
[ECO "B43"]
[WhiteElo "2459"]
[BlackElo "2274"]
[PlyCount "67"]
[TimeControl "180"]

{48MB, Shredder9.ctg, COMPUTER} 1. e4 c5 2. Nf3 e6 3. d4 cxd4 4. Nxd4 a6 5. Nc3
Qc7 6. Bd3 Nc6 7. Nxc6 dxc6 8. O-O e5 9. f4 Nf6 10. f5 Bc5+ 11. Kh1 h5 12. Qe2
b5 13. a4 Bb7 14. Be3 Qb6 15. Bxc5 Qxc5 16. Nd1 Rd8 17. Nf2 h4 18. Qd2 Ke7 19.
b4 Qb6 20. Ra3 h3 21. g4 c5 22. Qe3 Rd4 23. g5 Nd7 24. axb5 cxb4 25. Raa1 axb5
26. Qg3 Qd6 27. Ra7 Bc6 28. f6+ gxf6 29. Ng4 Rxe4 30. Bxe4 Bxe4+ 31. Kg1 Qd4+
32. Qf2 Rg8 33. Qxd4 exd4 34. Rxd7+ 1-0

[Event "X Belyaev Memorial"]
[Site "Naberezhnye Chelny"]
[Date "2008.06.11"]
[Round "1"]
[White "Aleksandrov, Vladimir"]
[Black "Balashov, Yuri"]
[Result "0-1"]
[ECO "A41"]
[WhiteElo "2347"]
[BlackElo "2409"]
[PlyCount "80"]
[TimeControl "180"]

{48MB, Shredder9.ctg, COMPUTER} 1. d4 d6 2. Nf3 g6 3. c4 Bg7 4. Nc3 f5 5. e4
fxe4 6. Nxe4 Nf6 7. Bd3 O-O 8. O-O Bg4 9. h3 Bxf3 10. Qxf3 Nc6 11. Be3 Nh5 12.
Qg4 Qc8 13. Ng5 Qxg4 14. hxg4 Nf4 15. Be4 Ne2+ 16. Kh2 Nexd4 17. Bd5+ Kh8 18.
Bxd4 Nxd4 19. Nf7+ Rxf7 20. Bxf7 c6 21. c5 d5 22. Rae1 e5 23. f4 e4 24. f5 Be5+
25. Kh1 Kg7 26. Be6 Re8 27. Bd7 Re7 28. Bc8 Rc7 29. Be6 Nxe6 30. fxe6 Re7 31.
b4 Rxe6 32. Re3 Bd4 33. Re2 Bc3 34. a3 d4 35. Rd1 Kf6 36. g3 Ke5 37. Rc2 e3 38.
Kg2 Ke4 39. g5 Bd2 40. Rh1 Kd3 0-1

[Event "X Belyaev Memorial"]
[Site "Naberezhnye Chelny"]
[Date "2008.06.11"]
[Round "1"]
[White "Kupreichik, Viktor"]
[Black "Vorontsov, Nickolay"]
[Result "0-1"]
[ECO "B11"]
[WhiteElo "2414"]
[BlackElo "2314"]
[PlyCount "108"]
[TimeControl "180"]

{48MB, Shredder9.ctg, COMPUTER} 1. e4 c6 2. Nf3 d5 3. Nc3 Bg4 4. h3 Bxf3 5.
Qxf3 e6 6. d3 g6 7. Bd2 Bg7 8. O-O-O Nd7 9. g4 Ne7 10. h4 h6 11. Qg3 b5 12.
exd5 cxd5 13. Nxb5 O-O 14. Qc7 Qxc7 15. Nxc7 Rab8 16. b3 Rfc8 17. Na6 Rb6 18.
d4 Nc6 19. Be3 e5 20. dxe5 d4 21. Bxd4 Nxd4 22. Rxd4 Nxe5 23. Ra4 Rf6 24. f4
Nxg4 25. Bh3 h5 26. Bxg4 hxg4 27. Rg1 Re6 28. Nb4 Re2 29. Rxg4 a5 30. Kd1 Rh2
31. Rxa5 Bc3 32. Nd5 Rh1+ 33. Ke2 Re1+ 34. Kf2 Bxa5 35. b4 Re6 36. bxa5 Rxc2+
37. Kf3 Rxa2 38. f5 Re5 39. Nf6+ Kg7 40. Nh5+ Kf8 41. Ng3 gxf5 42. Rg5 Raxa5
43. Kf4 Reb5 44. Rxf5 Kg7 45. Rxb5 Rxb5 46. Kg4 Kf6 47. Nh5+ Kg6 48. Nf4+ Kh6
49. Kf3 Ra5 50. Ke3 Kg7 51. Ke4 Kf6 52. Nd5+ Ke6 53. Nf4+ Ke7 54. h5 Kf6 0-1

[Event "X Belyaev Memorial"]
[Site "Naberezhnye Chelny"]
[Date "2008.06.12"]
[Round "2"]
[White "Vorontsov, Nickolay"]
[Black "Aleksandrov, Vladimir"]
[Result "1/2-1/2"]
[ECO "C42"]
[WhiteElo "2314"]
[BlackElo "2347"]
[PlyCount "43"]
[TimeControl "180"]

{48MB, Shredder9.ctg, COMPUTER} 1. e4 e5 2. Nf3 Nf6 3. Nxe5 d6 4. Nf3 Nxe4 5.
d4 d5 6. Bd3 Nc6 7. O-O Be7 8. c4 Nb4 9. Be2 O-O 10. a3 Nc6 11. cxd5 Qxd5 12.
Nc3 Nxc3 13. bxc3 Bf5 14. Re1 Rfe8 15. Bf4 Rac8 16. c4 Qe4 17. Be3 Qc2 18. Qxc2
Bxc2 19. d5 Na5 20. Nd4 Ba4 21. Rab1 b6 22. h3 1/2-1/2

[Event "X Belyaev Memorial"]
[Site "Naberezhnye Chelny"]
[Date "2008.06.12"]
[Round "2"]
[White "Salov, Sergej"]
[Black "Balashov, Yuri"]
[Result "1/2-1/2"]
[ECO "C97"]
[WhiteElo "2274"]
[BlackElo "2409"]
[PlyCount "52"]
[TimeControl "180"]

{48MB, Shredder9.ctg, COMPUTER} 1. e4 e5 2. Nf3 Nc6 3. Bb5 a6 4. Ba4 Nf6 5. O-O
Be7 6. Re1 b5 7. Bb3 d6 8. c3 Na5 9. Bc2 c5 10. d4 Qc7 11. h3 O-O 12. a4 Bd7
13. axb5 axb5 14. dxe5 dxe5 15. Nbd2 Nb7 16. Rxa8 Rxa8 17. Nf1 Rd8 18. Qe2 c4
19. Bg5 Nc5 20. Bxf6 Bxf6 21. Ne3 Be6 22. Rd1 g6 23. Rxd8+ Qxd8 24. Ng4 Bxg4
25. hxg4 Qd6 26. g3 Bd8 1/2-1/2

[Event "X Belyaev Memorial"]
[Site "Naberezhnye Chelny"]
[Date "2008.06.12"]
[Round "2"]
[White "Andreev, Eduard"]
[Black "Kupreichik, Viktor"]
[Result "1-0"]
[ECO "B07"]
[WhiteElo "2459"]
[BlackElo "2414"]
[PlyCount "92"]
[TimeControl "180"]

{48MB, Shredder9.ctg, COMPUTER} 1. e4 g6 2. d4 Bg7 3. Nc3 d6 4. Be3 Nf6 5. h3
O-O 6. f4 e5 7. dxe5 dxe5 8. Qxd8 Rxd8 9. fxe5 Nh5 10. Nf3 Ng3 11. Rg1 Nxf1 12.
Rxf1 Be6 13. Bg5 Rd7 14. Bf6 Nc6 15. Rd1 Rxd1+ 16. Kxd1 Re8 17. b3 Bf8 18. a4
Nb4 19. Nb5 Bd7 20. c4 Bxb5 21. axb5 c6 22. bxc6 Nxc6 23. Kc2 Be7 24. Bxe7 Rxe7
25. Rd1 a6 26. Kc3 Kf8 27. b4 Ke8 28. Rd5 h6 29. h4 Nb8 30. Rc5 Kd8 31. Rd5+
Nd7 32. c5 Kc7 33. Kd4 Nb8 34. Rd6 Nc6+ 35. Kc3 Nxe5 36. Nxe5 Rxe5 37. Kd4 Re7
38. g4 Re8 39. e5 Rg8 40. Rf6 Rd8+ 41. Ke4 Rd7 42. h5 gxh5 43. gxh5 Rd1 44.
Rxf7+ Kd8 45. Rxb7 Rh1 46. Kd5 Rxh5 1-0

[Event "X Belyaev Memorial"]
[Site "Naberezhnye Chleny"]
[Date "2008.06.12"]
[Round "3"]
[White "Balashov, Yuri"]
[Black "Vorontsov, Nickolay"]
[Result "1/2-1/2"]
[ECO "B13"]
[WhiteElo "2409"]
[BlackElo "2314"]
[PlyCount "22"]
[TimeControl "180"]

{48MB, Shredder9.ctg, COMPUTER} 1. e4 c6 2. d4 d5 3. exd5 cxd5 4. Bd3 Nc6 5. c3
Nf6 6. Bf4 g6 7. Nf3 Bg7 8. O-O O-O 9. Re1 Bf5 10. Ne5 Bxd3 11. Qxd3 Rc8
1/2-1/2

[Event "X Belyaev Memorial"]
[Site "Naberezhnye Chelny"]
[Date "2008.06.12"]
[Round "3"]
[White "Aleksandrov, Vladimir"]
[Black "Andreev, Eduard"]
[Result "1/2-1/2"]
[ECO "A75"]
[WhiteElo "2347"]
[BlackElo "2459"]
[PlyCount "91"]
[TimeControl "180"]

{48MB, Shredder9.ctg, COMPUTER} 1. d4 Nf6 2. c4 e6 3. Nf3 c5 4. d5 exd5 5. cxd5
d6 6. Nc3 g6 7. e4 a6 8. a4 Bg4 9. Be2 Bxf3 10. Bxf3 Nbd7 11. Bf4 Qe7 12. O-O
Bg7 13. a5 O-O 14. Re1 Ne8 15. Qd2 Nc7 16. Be2 Rab8 17. Bf1 b5 18. axb6 Rxb6
19. Ra2 Rfb8 20. Bc4 Ne5 21. Bxe5 Qxe5 22. Na4 Rb4 23. b3 Nb5 24. Nb2 Qc3 25.
Nd3 Qxd2 26. Rxd2 Bc3 27. Nxb4 Bxb4 28. Rdd1 Bxe1 29. Rxe1 Na3 30. Bxa6 Rxb3
31. f4 Kf8 32. e5 Ke7 33. Rc1 Nb5 34. Bxb5 Rxb5 35. Ra1 c4 36. Ra7+ Kd8 37.
Ra8+ Kc7 38. e6 fxe6 39. dxe6 c3 40. e7 c2 41. Rc8+ Kxc8 42. e8=Q+ Kc7 43. Qe7+
Kc8 44. Qe6+ Kc7 45. Qe7+ Kc8 46. Qe8+ 1/2-1/2

[Event "X Belyaev Memorial"]
[Site "Naberezhnye Chelny"]
[Date "2008.06.12"]
[Round "3"]
[White "Kupreichik, Viktor"]
[Black "Salov, Sergej"]
[Result "1/2-1/2"]
[ECO "B40"]
[WhiteElo "2414"]
[BlackElo "2274"]
[PlyCount "87"]
[TimeControl "180"]

{48MB, Shredder9.ctg, COMPUTER} 1. e4 c5 2. Nf3 e6 3. Nc3 a6 4. g3 d5 5. exd5
exd5 6. d4 Nf6 7. Bg2 c4 8. O-O Be7 9. b3 cxb3 10. axb3 O-O 11. Ne5 h6 12. Re1
Bb4 13. Bd2 Nc6 14. Na4 Bd6 15. Bf4 Ne7 16. c4 Be6 17. c5 Bc7 18. b4 Re8 19.
Nc3 Nf5 20. Qd3 g5 21. Bd2 Ng7 22. b5 Bf5 23. Qf3 Be4 24. Nxe4 dxe4 25. Qc3
axb5 26. Rxa8 Qxa8 27. Bxe4 Nxe4 28. Rxe4 Bxe5 29. dxe5 Qa2 30. Rb4 Rd8 31. Be1
Ne6 32. Kg2 Rd1 33. Qe3 Qd5+ 34. Qe4 Qxe4+ 35. Rxe4 Nxc5 36. Re3 Nd3 37. Ba5 b4
38. e6 fxe6 39. Rxe6 b3 40. Bc3 Rc1 41. Bd4 Rc4 42. Ba1 Rc1 43. Bd4 Rc4 44. Ba1
1/2-1/2

[Event "X Belyaev Memorial"]
[Site "Naberezhnye Chelny"]
[Date "2008.06.13"]
[Round "4"]
[White "Andreev, Eduard"]
[Black "Balashov, Yuri"]
[Result "1/2-1/2"]
[ECO "B56"]
[WhiteElo "2459"]
[BlackElo "2409"]
[PlyCount "49"]
[TimeControl "180"]

{37MB, fritz9.ctg, COMPUTER} 1. e4 c5 2. Nf3 Nc6 3. d4 cxd4 4. Nxd4 Nf6 5. Nc3
d6 6. f3 e5 7. Nb3 Be6 8. Nd5 Bxd5 9. exd5 Nb4 10. Bb5+ Nd7 11. c3 Na6 12. Bxa6
bxa6 13. Qe2 Qh4+ 14. g3 Qa4 15. Nd4 Be7 16. Nc6 Qb5 17. c4 Qb7 18. O-O Bd8 19.
b3 O-O 20. Bb2 Re8 21. Rae1 Ba5 22. Rd1 Bb6+ 23. Kh1 Nb8 24. Nxb8 Raxb8 25. Bc3
1/2-1/2

[Event "X Belyaev Memorial"]
[Site "Naberezhnye Chelny"]
[Date "2008.06.13"]
[Round "4"]
[White "Salov, Sergej"]
[Black "Vorontsov, Nickolay"]
[Result "0-1"]
[ECO "B19"]
[WhiteElo "2274"]
[BlackElo "2314"]
[PlyCount "67"]
[TimeControl "180"]

{37MB, fritz9.ctg, COMPUTER} 1. e4 c6 2. d4 d5 3. Nc3 dxe4 4. Nxe4 Bf5 5. Ng3
Bg6 6. h4 h6 7. Nf3 Nd7 8. h5 Bh7 9. Bd3 Bxd3 10. Qxd3 Qc7 11. Bd2 e6 12. O-O-O
Ngf6 13. Ne4 O-O-O 14. g3 Nxe4 15. Qxe4 Nf6 16. Qe2 Bd6 17. c4 c5 18. Bc3 cxd4
19. Nxd4 a6 20. Kb1 Rd7 21. Nb3 Qc6 22. Rhe1 Rhd8 23. Rc1 Bc7 24. Be5 Bxe5 25.
Qxe5 Qf3 26. Qa5 Qxh5 27. Qb6 Rd1 28. Na5 Rxc1+ 29. Rxc1 Qf3 30. a3 Nd7 31. Qb4
Qf5+ 32. Ka2 Nc5 33. f4 h5 34. Re1 0-1

[Event "X Belyaev Memorial"]
[Site "Naberezhnye Chelny"]
[Date "2008.06.13"]
[Round "4"]
[White "Kupreichik, Viktor"]
[Black "Aleksandrov, Vladimir"]
[Result "1-0"]
[ECO "E91"]
[WhiteElo "2414"]
[BlackElo "2347"]
[PlyCount "69"]
[TimeControl "180"]

{37MB, fritz9.ctg, COMPUTER} 1. c4 Nf6 2. Nc3 g6 3. e4 d6 4. d4 Bg7 5. Nf3 O-O
6. Be2 Bg4 7. Bg5 c5 8. d5 a6 9. a4 Nbd7 10. O-O Ne8 11. Nd2 Bxe2 12. Qxe2 Nc7
13. f4 Qe8 14. Nf3 e6 15. Rae1 b5 16. e5 exd5 17. exd6 Qxe2 18. Rxe2 d4 19.
dxc7 dxc3 20. bxc3 f6 21. Bh4 bxa4 22. Rd1 Nb6 23. Bf2 Nxc4 24. Bxc5 Rfc8 25.
Rd7 a3 26. Nd4 f5 27. Nc6 Bf6 28. Ne7+ Kh8 29. Nxc8 Rxc8 30. Rd8+ Bxd8 31. Re8+
Kg7 32. cxd8=Q Rxd8 33. Rxd8 a2 34. Rd1 Nd2 35. Bd4+ 1-0

[Event "X Belyaev Memorial"]
[Site "Naberezhnye Chelny"]
[Date "2008.06.15"]
[Round "5"]
[White "Aleksandrov, Vladimir"]
[Black "Salov, Sergej"]
[Result "1/2-1/2"]
[ECO "A49"]
[WhiteElo "2347"]
[BlackElo "2274"]
[PlyCount "112"]
[TimeControl "180"]

{48MB, Shredder9.ctg, COMPUTER} 1. d4 Nf6 2. Nf3 c5 3. c3 g6 4. g3 b6 5. Bg2
Bb7 6. O-O Bg7 7. Qb3 Qc8 8. Ne5 O-O 9. Bxb7 Qxb7 10. dxc5 d6 11. cxd6 exd6 12.
Nf3 Re8 13. Nd4 Nc6 14. Be3 Ng4 15. Qd5 Nxe3 16. fxe3 Na5 17. Qxb7 Nxb7 18. Nd2
Rxe3 19. N2f3 Rae8 20. Rad1 a6 21. Rd2 Bh6 22. Rc2 f5 23. Rd1 R3e4 24. Kf1 Be3
25. Nc6 Rc8 26. Ncd4 Kg7 27. Nb3 Kf6 28. Rd5 Ke6 29. Rd3 Kf6 30. Ke1 g5 31.
Nbd2 Re7 32. Nf1 Bc5 33. Rcd2 b5 34. Nd4 Rce8 35. Kf2 Re4 36. b4 Bxd4+ 37. Rxd4
Rxd4 38. Rxd4 Re4 39. Rd5 Ke6 40. Rd3 h6 41. Nd2 Re5 42. Nf3 Re4 43. Nd4+ Kf6
44. Nc6 Re8 45. Nd4 Re5 46. Nc2 d5 47. Nd4 Nd6 48. Ke1 Ne4 49. Rf3 g4 50. Rd3
Re7 51. e3 Rc7 52. Ne2 Ke5 53. Kf1 Rc8 54. Ke1 Rc7 55. Kf1 Rc8 56. Ke1 Rc7
1/2-1/2

[Event "X Belyaev Memorial"]
[Site "Naberezhnye Chelny"]
[Date "2008.06.15"]
[Round "5"]
[White "Vorontsov, Nickolay"]
[Black "Andreev, Eduard"]
[Result "0-1"]
[ECO "B70"]
[WhiteElo "2314"]
[BlackElo "2459"]
[PlyCount "156"]
[TimeControl "180"]

{48MB, Shredder9.ctg, COMPUTER} 1. e4 c5 2. Nf3 Nc6 3. d4 cxd4 4. Nxd4 Nf6 5.
Nc3 d6 6. Be2 g6 7. O-O Bg7 8. Nb3 O-O 9. Bg5 Be6 10. Kh1 Qc8 11. f4 Rd8 12.
Bf3 a5 13. a4 Nb4 14. Nd4 Bc4 15. Rf2 h6 16. Bh4 e5 17. Ndb5 exf4 18. Bxf6 Bxf6
19. Nxd6 Qc7 20. Rd2 Ba6 21. Ncb5 Bxb5 22. Nxb5 Qb6 23. c3 Rxd2 24. Qxd2 Rd8
25. Qe2 Nd3 26. Rf1 Be5 27. h3 h5 28. Kh2 Qe3 29. Qd1 g5 30. Nd4 g4 31. hxg4
hxg4 32. Qc2 g3+ 33. Kh3 Bxd4 34. cxd4 Qxd4 35. Qc3 Qxc3 36. bxc3 Nf2+ 37. Kh4
f6 38. Rb1 Rd7 39. Kh5 Kg7 40. Rb5 Rc7 41. e5 fxe5 42. Kg5 e4 43. Kxf4 exf3 44.
Kxg3 Ne4+ 45. Kxf3 Nd6 46. Rxa5 Kf6 47. g4 Rxc3+ 48. Kf4 Rc4+ 49. Kg3 Rc6 50.
Kh4 Ra6 51. Rd5 Ke6 52. Rd4 Rc6 53. Rd1 Rc4 54. Ra1 Ne4 55. Rb1 Nc5 56. Kh5
Rxa4 57. g5 Ra8 58. g6 Rh8+ 59. Kg5 Ne4+ 60. Kf4 Rh4+ 61. Ke3 Nd6 62. Rg1 Rh8
63. Kd4 Kd7 64. Kd5 Rg8 65. Ke5 Re8+ 66. Kd5 Nf5 67. Rg5 Ng7 68. Rg1 Re6 69.
Rb1 Kc7 70. Rg1 b5 71. Rf1 Rxg6 72. Kc5 Rg5+ 73. Kb4 Ne8 74. Ka5 Kc6 75. Rc1+
Rc5 76. Rh1 Rc4 77. Ra1 Nd6 78. Ra2 Nb7+ 0-1

[Event "X Belyaev Memorial"]
[Site "Naberezhnye Chelny"]
[Date "2008.06.15"]
[Round "6"]
[White "Balashov, Yuri"]
[Black "Aleksandrov, Vladimir"]
[Result "1/2-1/2"]
[ECO "B10"]
[WhiteElo "2409"]
[BlackElo "2347"]
[PlyCount "31"]
[TimeControl "180"]

{48MB, Shredder9.ctg, COMPUTER} 1. c4 c6 2. e4 d5 3. exd5 cxd5 4. cxd5 Nf6 5.
Nc3 Nxd5 6. Bc4 e6 7. Nf3 Be7 8. O-O O-O 9. d4 Nxc3 10. bxc3 Nc6 11. Qe2 b6 12.
Bd3 Bb7 13. Bb2 Bf6 14. Rad1 Qc7 15. Rfe1 Rac8 16. Nd2 1/2-1/2

[Event "X Belyaev Memorial"]
[Site "Naberezhnye Chelny"]
[Date "2008.06.15"]
[Round "6"]
[White "Salov, Sergej"]
[Black "Andreev, Eduard"]
[Result "1/2-1/2"]
[ECO "B57"]
[WhiteElo "2274"]
[BlackElo "2459"]
[PlyCount "42"]
[TimeControl "180"]

{48MB, Shredder9.ctg, COMPUTER} 1. e4 c5 2. Nf3 Nc6 3. Nc3 d6 4. d4 cxd4 5.
Nxd4 Nf6 6. Bc4 Bd7 7. Bb3 g6 8. f3 Nxd4 9. Qxd4 Bg7 10. Bg5 O-O 11. Qe3 b5 12.
a3 a5 13. Bh6 Bxh6 14. Qxh6 b4 15. axb4 axb4 16. Rxa8 Qxa8 17. Nd1 Ba4 18. Qe3
Nd7 19. O-O Nc5 20. Bxa4 Qxa4 21. Qd2 b3 1/2-1/2

[Event "X Belyaev Memorial"]
[Site "Naberezhnye Chelny"]
[Date "2008.06.15"]
[Round "6"]
[White "Vorontsov, Nickolay"]
[Black "Kupreichik, Viktor"]
[Result "1/2-1/2"]
[ECO "C68"]
[WhiteElo "2314"]
[BlackElo "2414"]
[PlyCount "20"]
[TimeControl "180"]

{48MB, Shredder9.ctg, COMPUTER} 1. e4 e5 2. Nf3 Nc6 3. Bb5 a6 4. Bxc6 dxc6 5.
Nc3 f6 6. d4 exd4 7. Nxd4 c5 8. Nde2 Qxd1+ 9. Nxd1 Be6 10. Ne3 O-O-O 1/2-1/2

[Event "X Belyaev Memorial"]
[Site "Naberezhnye Chelny"]
[Date "2008.06.16"]
[Round "7"]
[White "Kupreichik, Viktor"]
[Black "Andreev, Eduard"]
[Result "1/2-1/2"]
[ECO "C01"]
[WhiteElo "2414"]
[BlackElo "2439"]
[PlyCount "35"]
[TimeControl "180"]

{48MB, Shredder9.ctg, COMPUTER} 1. d4 Nf6 2. Nc3 e6 3. e4 d5 4. exd5 exd5 5.
Bd3 c6 6. Bf4 Bd6 7. Bxd6 Qxd6 8. Qe2+ Qe7 9. Qxe7+ Kxe7 10. Nf3 Re8 11. O-O-O
Bg4 12. Rde1+ Kf8 13. Rxe8+ Kxe8 14. Ne5 Be6 15. Re1 g6 16. h3 Nbd7 17. Kd2
Nxe5 18. Rxe5 1/2-1/2

[Event "X Belyaev Memorial"]
[Site "Naberezhnye Chelny"]
[Date "2008.06.16"]
[Round "7"]
[White "Balashov, Yuri"]
[Black "Salov, Sergej"]
[Result "1-0"]
[ECO "B85"]
[WhiteElo "2409"]
[BlackElo "2274"]
[PlyCount "53"]
[TimeControl "180"]

{48MB, Shredder9.ctg, COMPUTER} 1. e4 c5 2. Nf3 e6 3. d4 cxd4 4. Nxd4 a6 5. Be2
Nf6 6. Nc3 Qc7 7. O-O Nc6 8. a3 Be7 9. Be3 O-O 10. f4 d6 11. Kh1 Bd7 12. Qe1
Nxd4 13. Bxd4 Bc6 14. Qg3 b5 15. Rae1 Qb7 16. Bd3 Rad8 17. Qh3 g6 18. f5 gxf5
19. Qh6 e5 20. Rxf5 Ng4 21. Qh3 exd4 22. Qxg4+ Kh8 23. Nd5 Rg8 24. Qf4 Be8 25.
Qf2 Bf8 26. Nf6 Rg7 27. Qxd4 1-0

[Event "X Belyaev Memorial"]
[Site "Naberezhnye Chelny"]
[Date "2008.06.16"]
[Round "7"]
[White "Aleksandrov, Vladimir"]
[Black "Vorontsov, Nickolay"]
[Result "1/2-1/2"]
[ECO "D85"]
[WhiteElo "2347"]
[BlackElo "2314"]
[PlyCount "27"]
[TimeControl "180"]

{48MB, Shredder9.ctg, COMPUTER} 1. d4 Nf6 2. c4 g6 3. Nc3 d5 4. cxd5 Nxd5 5.
Bd2 Bg7 6. e4 Nb6 7. Be3 O-O 8. h3 Nc6 9. Nf3 f5 10. exf5 Bxf5 11. Qb3+ Kh8 12.
Rd1 Qd6 13. a3 a5 14. Qa2 1/2-1/2

[Event "X Belyaev Memorial"]
[Site "Naberezhnye Chelny"]
[Date "2008.06.16"]
[Round "8"]
[White "Salov, Sergej"]
[Black "Kupreichik, Viktor"]
[Result "0-1"]
[ECO "B30"]
[WhiteElo "2274"]
[BlackElo "2414"]
[PlyCount "96"]
[TimeControl "180"]

{48MB, Shredder9.ctg, COMPUTER} 1. e4 c5 2. Nf3 Nc6 3. Nc3 g6 4. Bb5 Bg7 5.
Bxc6 bxc6 6. O-O e5 7. d3 Ne7 8. Ne1 d6 9. f4 exf4 10. Bxf4 h6 11. Nf3 O-O 12.
Kh1 g5 13. Be3 f5 14. e5 Nd5 15. Nxd5 cxd5 16. exd6 d4 17. Bf2 Qxd6 18. c3 g4
19. Nh4 Be5 20. cxd4 cxd4 21. Qa4 Bd7 22. Qa3 Qxa3 23. bxa3 Kh7 24. g3 Bb5 25.
Rad1 f4 26. Kg1 f3 27. Rfe1 Rae8 28. Re4 h5 29. Rde1 Bf6 30. Rxe8 Bxe8 31. Nf5
Bg6 32. Nxd4 Rd8 33. Ne6 Rxd3 34. Nf8+ Kg7 35. Nxg6 Kxg6 36. Bxa7 Rxa3 37. Bf2
Rxa2 38. Rc1 Kf5 39. Re1 Bc3 40. Rd1 Ke4 41. Kf1 Bd2 42. Kg1 Kd3 43. Rb1 Ke2
44. Bb6 Rc2 45. Ba7 Rc1+ 46. Rxc1 Bxc1 47. Bf2 Bd2 48. h4 Be1 0-1

[Event "X Belyaev Memorial"]
[Site "Naberezhnye Chelny"]
[Date "2008.06.16"]
[Round "8"]
[White "Andreev, Eduard"]
[Black "Aleksandrov, Vladimir"]
[Result "1-0"]
[ECO "C43"]
[WhiteElo "2459"]
[BlackElo "2347"]
[PlyCount "195"]
[TimeControl "180"]

{48MB, Shredder9.ctg, COMPUTER} 1. e4 e5 2. Nf3 Nf6 3. d4 Nxe4 4. Bd3 d5 5.
dxe5 Nc6 6. O-O Bg4 7. Nc3 Nxc3 8. bxc3 Bc5 9. Bf4 O-O 10. h3 Bh5 11. Rb1 Rb8
12. g4 Bg6 13. Bxg6 fxg6 14. Bg3 b6 15. Re1 d4 16. cxd4 Nxd4 17. Nxd4 Qxd4 18.
Qxd4 Bxd4 19. Kg2 g5 20. Rbd1 Bc5 21. Rd7 Rbc8 22. Re4 Rf7 23. e6 Re7 24. Bxc7
h6 25. Bd8 Re8 26. e7 a5 27. Kf3 Rc6 28. Ke2 Rf6 29. f3 Kf7 30. a4 Kg8 31. Rd5
Kf7 32. Rd7 Kg8 33. c4 Kf7 34. Rc7 Bb4 35. Rb7 Bc5 36. Rd7 Bb4 37. Rb7 Bc5 38.
Bc7 Bg1 39. Bg3 Bc5 40. Bf2 Bxf2 41. Kxf2 g6 42. Rc7 Rd6 43. Ke2 Rf6 44. c5
bxc5 45. Rxc5 Ra6 46. Rc7 Kf6 47. Kf2 Kf7 48. Kg3 Kf6 49. Rb7 h5 50. gxh5 gxh5
51. Rb5 Rc6 52. Ree5 h4+ 53. Kg4 Rc4+ 54. Re4 Rxe4+ 55. fxe4 Rxe7 56. Rf5+ Ke6
57. Rxa5 Kd6 58. e5+ Ke6 59. Kxg5 Rg7+ 60. Kxh4 Kf5 61. Rb5 Kf4 62. Kh5 Kf5 63.
Kh4 Kf4 64. Rb4+ Kxe5 65. a5 Rh7+ 66. Kg3 Rg7+ 67. Kh2 Ra7 68. Ra4 Ra6 69. h4
Kf5 70. Kh3 Ke5 71. h5 Kf5 72. Kh4 Kf6 73. Kg4 Ke5 74. Kg5 Ke6 75. Ra1 Ke7 76.
h6 Kf7 77. Ra2 Rg6+ 78. Kh5 Ra6 79. Ra1 Kg8 80. Ra2 Kf7 81. h7 Kg7 82. Kg5 Kxh7
83. Kf5 Kg7 84. Ke5 Kf7 85. Kd5 Ke7 86. Kc5 Kd7 87. Kb5 Ra8 88. a6 Rb8+ 89. Ka5
Ra8 90. Rh2 Kc6 91. Rh6+ Kc5 92. Rh7 Kc6 93. a7 Rg8 94. Ka6 Rf8 95. Rh1 Kc5 96.
Rc1+ Kd6 97. Kb7 Rf7+ 98. Kb8 1-0

[Event "X Belyaev Memorial"]
[Site "Naberezhnye Chelny"]
[Date "2008.06.17"]
[Round "9"]
[White "Balashov, Yuri"]
[Black "Andreev, Eduard"]
[Result "1/2-1/2"]
[ECO "E31"]
[WhiteElo "2409"]
[BlackElo "2459"]
[PlyCount "39"]
[TimeControl "180"]

{48MB, Shredder9.ctg, COMPUTER} 1. d4 Nf6 2. c4 e6 3. Nc3 Bb4 4. Bg5 c5 5. d5
exd5 6. cxd5 d6 7. e3 h6 8. Bh4 g5 9. Bg3 Ne4 10. Qc2 Qe7 11. Bd3 Bxc3+ 12.
bxc3 Nxg3 13. hxg3 Nd7 14. Nf3 Ne5 15. Nxe5 Qxe5 16. Qd2 Bd7 17. e4 f5 18. f4
gxf4 19. gxf4 Qf6 20. O-O 1/2-1/2

[Event "X Belyaev Memorial"]
[Site "Naberezhnye Chelny"]
[Date "2008.06.17"]
[Round "9"]
[White "Aleksandrov, Vladimir"]
[Black "Kupreichik, Viktor"]
[Result "0-1"]
[ECO "D11"]
[WhiteElo "2347"]
[BlackElo "2414"]
[PlyCount "60"]
[TimeControl "180"]

{48MB, Shredder9.ctg, COMPUTER} 1. d4 d5 2. Nf3 c6 3. c4 dxc4 4. a4 Nf6 5. Na3
c5 6. Nxc4 Nc6 7. dxc5 Qxd1+ 8. Kxd1 Be6 9. e3 Ne4 10. Ke1 Nb4 11. Na3 Bd7 12.
Bd2 Nxd2 13. Nxd2 e6 14. b3 Bxc5 15. Rc1 Be7 16. Nb5 O-O 17. Bc4 a6 18. Nc3
Rfd8 19. Ke2 Rab8 20. Nf3 b5 21. axb5 axb5 22. Bd3 Nxd3 23. Kxd3 b4 24. Nb1
Bb5+ 25. Ke4 f5+ 26. Kf4 Bd6+ 27. Kg5 h6+ 28. Kh4 g5+ 29. Nxg5 hxg5+ 30. Kxg5
Kf7 0-1

[Event "X Belyaev Memorial"]
[Site "Naberezhnye Chelny"]
[Date "2008.06.17"]
[Round "9"]
[White "Vorontsov, Nickolay"]
[Black "Salov, Sergej"]
[Result "1-0"]
[ECO "B22"]
[WhiteElo "2314"]
[BlackElo "2274"]
[PlyCount "91"]
[TimeControl "180"]

{48MB, Shredder9.ctg, COMPUTER} 1. e4 c5 2. Nf3 e6 3. c3 d5 4. exd5 Qxd5 5. d4
Nf6 6. Be2 Be7 7. Na3 Qd8 8. dxc5 Qxd1+ 9. Bxd1 Bxc5 10. Nb5 Na6 11. Bf4 Nd5
12. Bg3 O-O 13. Bb3 Bd7 14. a4 Rfd8 15. O-O Be8 16. Rfd1 Be7 17. Nfd4 Bf6 18.
Nd6 Bxd4 19. Rxd4 Bc6 20. Rad1 Nc5 21. Bc2 Be8 22. h3 a5 23. Ne4 Rdc8 24. Nxc5
Rxc5 25. Be4 b5 26. axb5 Bxb5 27. Bd6 Rc6 28. Ba3 Bc4 29. Bc2 Rcc8 30. Ba4 g6
31. Bd6 Ba6 32. Be5 f6 33. Bg3 Kf7 34. Bd7 Rd8 35. Bc6 Rac8 36. Bxd5 exd5 37.
Rxd5 Rxd5 38. Rxd5 Bc4 39. Rxa5 h5 40. Ra7+ Ke6 41. Bf4 Kf5 42. Be3 Rc6 43. b4
Rd6 44. Bd4 h4 45. Rc7 Ba6 46. b5 1-0